 Dungeon Crawl Stone Soup version 0.24.0-123-gd5b16e6ec5 (webtiles) character file.

Game seed: 10379783039599580013, levelgen mode: deterministic

45 Notrik the Skirmisher (level 3, 0/34 HPs)
             Began as a Hill Orc Fighter on Feb 7, 2020.
             Slain by Sigmund
             ... wielding a +0 scythe
              (6 damage)
             ... on level 2 of the Dungeon.
             The game lasted 00:02:03 (1219 turns).

Notrik the Skirmisher (Hill Orc Fighter)            Turns: 1219, Time: 00:02:04

Health: 0/34       AC:  6    Str: 19    XL:     3   Next: 64%
Magic:  3/3        EV:  7    Int:  8    God:
Gold:   89         SH:  9    Dex: 10    Spells: 2/2 levels left

rFire    . . .     SeeInvis .   a - +0 war axe
rCold    . . .     Gourm    .   c - +0 shield
rNeg     . . .     Faith    .   b - +0 scale mail
rPois    .         Spirit   .   (no helmet)
rElec    .         Reflect  .   (no cloak)
rCorr    .         Harm     .   (no gloves)
MR       .....                  (no boots)
Stlth    ..........             (no amulet)
HPRegen  0.11/turn              (no ring)
MPRegen  0.08/turn              (no ring)

@: no status effects
A: no striking features
a: no special abilities


You were on level 2 of the Dungeon.
You were not hungry.

You visited 1 branch of the dungeon, and saw 2 of its levels.

You collected 89 gold pieces.

Inventory:

Hand Weapons
 a - a +0 war axe (weapon)
Armour
 b - a +0 scale mail (worn)
 c - a +0 shield (worn)
Jewellery
 f - an uncursed amulet of regeneration {unknown}
   (You found it on level 1 of the Dungeon)
Scrolls
 h - 2 scrolls of teleportation {unknown}
 l - a scroll of magic mapping {unknown}
Potions
 d - a potion of might
 i - a potion of haste {unknown}
 j - a potion of heal wounds {unknown}
 k - a potion of curing {unknown}
Comestibles
 e - 2 rations {!d}
 g - a chunk of flesh


   Skills:
 * Level 4.6 Fighting
 + Level 3.4 Axes
 - Level 3.2 Armour
 + Level 3.7 Shields


You had 2 spell levels left.
You didn't know any spells.
Your spell library was empty.

Dungeon Overview and Level Annotations

Branches:
Dungeon (2/15)

Altars:

Annotations:
D:2 Sigmund


Message History

You barely miss the rat. You block the rat's attack.
You hit the rat. The rat bites you. The rat bites you but does no damage.
You slash the rat!
You kill the rat!
No target in view!
No target in view!
No target in view!
No target in view!
No target in view!
No target in view!
No target in view!
You butcher the rat corpse.
g - 3 chunks of flesh (gained 1)
You see here a rat skeleton. x2
You butcher the rat corpse.
g - 4 chunks of flesh (gained 1)
You see here a rat skeleton. x2
You see here a rat skeleton.
A quokka comes into view.
You see here 2 glowing ruby potions.
A quokka is nearby!
A quokka is nearby!
Sigmund the Dreaded comes into view.
He is wielding a +0 scythe.
Some of the chunks of flesh in your inventory have rotted away.
You see here 2 glowing ruby potions.
Your shield and scale mail prevent you from hitting the quokka.
The quokka bites you but does no damage.
The quokka bites you.
You hit the quokka.
You kill the quokka!
Sigmund mumbles some strange words.
Sigmund flickers and vanishes!
Deactivating autopickup; reactivate with Ctrl-A.
No target in view!
No target in view!
No target in view!
No target in view!
No target in view!
Something hits you! Something hits you. Something hits you.
* * * LOW HITPOINT WARNING * * *
Some of the chunks of flesh in your inventory have rotted away.
Something hits you!
* * * LOW HITPOINT WARNING * * *
You see here 2 glowing ruby potions.
Something hits you.
* * * LOW HITPOINT WARNING * * *
Something hits you.
You die...

...## #........
.... #...... ...
###### .... ..
......##)#
####.#### #...)# ..
.......####..### ..
#..#......)..# ..#
#..####.....# ..#
##!@.#..#.######..#
###....÷....÷.#..#
##.###........##
#.#..(####....#
..#.######....##
.##..>.......#..#
.##.........##....
..................#
..
...........#....#


There were no monsters in sight!

Vanquished Creatures
  A dart slug (D:1)
  A leopard gecko (D:1)
  2 giant cockroaches (D:1)
  3 goblins
  2 hobgoblins (D:1)
  9 jackals
  4 kobolds
  2 quokkas (D:2)
  2 ball pythons (D:1)
  5 bats
  2 frilled lizards (D:1)
  6 rats
39 creatures vanquished.

Notes
Turn   | Place    | Note
-------+----------+-------------------------------------------
     0 | D:1      | Notrik the Hill Orc Fighter began the quest for the Orb.
     0 | D:1      | Reached XP level 1. HP: 19/19 MP: 1/1
   186 | D:1      | Reached skill level 4 in Fighting
   186 | D:1      | Reached XP level 2. HP: 27/27 MP: 2/2
   642 | D:1      | Reached XP level 3. HP: 32/34 MP: 3/3
  1205 | D:2      | Noticed Sigmund
  1219 | D:2      | Slain by Sigmund

Levels and vault maps discovered:
D:1:      roderic_dead_forest, layout_basic
D:2:      layout_rooms, uniq_sigmund

Skill      XL: |  1  2 |
---------------+-------+-----
Fighting       | 4 |  4.6
Axes           | 3 |  3.4
Armour         | |  3.2
Shields        | |  3.7

Action                   || total
-------------------------++-------
Melee: War axe           ||   127
  Eat: Chunk             ||     1
Armor: Scale mail        ||    83
Dodge: Dodged            ||    44
Block: Shield            ||   104
